 Dungeon Crawl Stone Soup version 0.26.1-2-gb8aa6d0cf2 (webtiles) character file.

Game seed: 6411029213803979719

723 Gadfly the Skirmisher (level 7, -2/70 HPs)
             Began as an Ogre Monk on Feb 12, 2021.
             Succumbed to Edmund's poison
             ... on level 5 of the Dungeon.
             The game lasted 00:04:52 (5115 turns).

Gadfly the Skirmisher (Ogre Monk)                   Turns: 5115, Time: 00:04:52

Health: -2/70      AC:  3    Str: 18    XL:     7   Next: 71%
Magic:  10/10      EV: 10    Int: 11    God:
Gold:   227        SH:  0    Dex: 11    Spells: 6/6 levels left

rFire    . . .     SeeInvis .   a - +0 flail
rCold    . . .     Faith    .   (no shield)
rNeg     . . .     Spirit   .   e - +0 robe
rPois    .         Reflect  .   (helmet restricted)
rElec    .         Harm     .   (no cloak)
rCorr    .         Rampage  .   (gloves unavailable)
Will     .....                  (boots unavailable)
Stlth    ++........             f - amulet of the acrobat
HPRegen  0.21/turn              d - ring of flight
MPRegen  0.12/turn              (no ring)

@: lethally poisoned (-2 -> -43)
A: large, unfitting armour, tough skin 1
a: Evoke Flight


You were on level 5 of the Dungeon.
You visited 1 branch of the dungeon, and saw 5 of its levels.

You collected 227 gold pieces.

Inventory:

Hand Weapons
 a - a +0 flail (weapon)
 b - a +3 dagger of venom
 c - a +1 long sword of electrocution
Missiles
 j - 161 stones (quivered)
 o - 6 boomerangs
Armour
 e - a +0 robe (worn)
Jewellery
 d - a ring of flight (left hand)
 f - an amulet of the acrobat (around neck)
Scrolls
 i - a scroll of blinking
 k - a scroll of fear
 m - a scroll of remove curse
 p - a scroll of teleportation
Potions
 h - a potion of cancellation
 l - a potion of haste
 n - a potion of might


   Skills:
 - Level 4.0 Fighting
 + Level 3.6 Maces & Flails
 * Level 3.5 Throwing
 * Level 3.0 Armour
 - Level 2.6 Dodging
 - Level 1.4 Stealth
 * Level 4.0 Invocations
 * Level 2.9 Evocations


You had 6 spell levels left.
You didn't know any spells.
Your spell library was empty.

Dungeon Overview and Level Annotations

Branches:
Dungeon (5/15)
 Temple: D:4-7

Altars:
Cheibriados
Yredelemnul

Annotations:
D:5 Edmund


Innate Abilities, Weirdness & Mutations

You are too large for most types of armour.
You have tough skin. (AC +1)


Message History

Edmund is almost dead.
* * * LOW HITPOINT WARNING * * *
You feel very sick.
Edmund hits you with a +2 flail of venom!
* * * LOW HITPOINT WARNING * * *
You are more poisoned.
You closely miss Edmund.
Edmund is almost dead.
* * * LOW HITPOINT WARNING * * *
You feel very sick. Edmund hits you but does no damage.
You are more poisoned.
Okay, then.
* * * LOW HITPOINT WARNING * * *
You feel very sick.
* * * LOW HITPOINT WARNING * * *
You feel very sick.
As you read the scroll of fear, it crumbles to dust.
You assume a fearsome visage.
Edmund looks frightened!
You die...

.#.......##....#
.#.......##....#
.#.......##....#
.#.......##.....
.+.......##....#
.#.......##....#
.##########....# ##
#....######
####.@@...#
###################.#
...............# #.#
##############.# #.#
#.# #.# #.# #.# #.#
#.# #.####.# #......#


You could see Edmund (fleeing).

Vanquished Creatures
  A sky beast (D:5)
  A phantom (D:4)
  An ogre (D:4)
  A centaur (D:5)
  A big kobold (D:3)
  An orc wizard (D:4)
  A bullfrog skeleton (D:4)
  An iguana (D:4)
  3 worker ants (D:4)
  A gnoll (D:2)
  5 adders
  3 oozes
  An adder skeleton (D:4)
  4 worms
  3 leopard geckos
  4 orcs (D:4)
  6 giant cockroaches
  7 goblins
  5 hobgoblins
  2 jackals (D:2)
  2 quokkas
  11 bats
  5 frilled lizards
  7 kobolds
  A leopard gecko skeleton (D:4)
  A quokka skeleton (D:5)
  11 rats
90 creatures vanquished.

Vanquished Creatures (others)
  3 plants (D:2)
3 creatures vanquished.

Grand Total: 93 creatures vanquished

Notes
Turn   | Place    | Note
-------+----------+-------------------------------------------
     0 | D:1      | Gadfly the Ogre Monk began the quest for the Orb.
     0 | D:1      | Reached XP level 1. HP: 24/24 MP: 1/1
   345 | D:1      | Reached XP level 2. HP: 32/32 MP: 2/2
   605 | D:1      | Reached skill level 1 in Invocations
   855 | D:2      | Reached skill level 1 in Throwing
   857 | D:2      | Reached XP level 3. HP: 37/39 MP: 3/3
  1042 | D:2      | Reached skill level 1 in Armour
  1042 | D:2      | Reached skill level 1 in Evocations
  1420 | D:2      | Reached XP level 4. HP: 35/48 MP: 5/5
  2021 | D:3      | Found a snail-covered altar of Cheibriados.
  2054 | D:3      | You fall into a shaft and drop 2 floors!
  2054 | D:5      | Entered Level 5 of the Dungeon
  2158 | D:4      | Reached XP level 5. HP: 52/54 MP: 6/6
  2335 | D:3      | Noticed a big kobold
  2359 | D:3      | Killed a big kobold
  2360 | D:3      | Reached XP level 6. HP: 29/62 MP: 7/7
  3736 | D:4      | Noticed a phantom
  3773 | D:4      | Killed a phantom
  3774 | D:4      | Reached XP level 7. HP: 44/70 MP: 9/9
  4288 | D:4      | Found a basalt altar of Yredelemnul.
  5094 | D:5      | Noticed Edmund
  5114 | D:5      | HP: 1/70 [poisoned by Edmund]
  5115 | D:5      | Succumbed to Edmund's poison

Illustrated notes

Levels and vault maps discovered:
D:1:      scummos_arrival_hexagon, layout_loops_ring
D:2:      layout_rooms, minmay_crystal_room, serial_bayou_pond_c,
          cheibrodos_gnoll_hut
D:3:      layout_basic, cheibriados_altar_1
D:4:      layout_basic, kennysheep_mini_moat, cheibrodos_sewer_entry_bend
D:5:      layout_basic, uniq_edmund, uniq_pikel

Skill      XL: |  1  2  3  4  5  6  7 |
---------------+----------------------+-----
Invocations    | 1 2 3 4 |  4.0
Throwing       | 1 2 3 |  3.5
Armour         | 1 2 3 |  3.0
Evocations     | 1 2 |  2.9
Maces & Flails | 3 |  3.6
Fighting       | |  4.0
Dodging        | |  2.6
Stealth        | |  1.4

Action                   |  1- 3 |  4- 6 |  7- 9 || total
-------------------------+-------+-------+-------++-------
Melee: Dagger            |    86 |   123 |       ||   209
       Mace              |     3 |       |       ||     3
       Long sword        |       |    48 |    36 ||    84
       Flail             |       |       |     7 ||     7
Throw: Stone             |     2 |     6 |       ||     8
  Use: Scroll            |     5 |     7 |     2 ||    14
       Potion            |       |       |     2 ||     2
 Stab: Sleeping          |     5 |     1 |       ||     6
Armor: Robe              |    22 |    56 |     5 ||    83
Dodge: Dodged            |    54 |   112 |    32 ||   198
       Rpst.: Long sword |       |    14 |     9 ||    23
